 Dungeon Crawl Stone Soup version 0.21.1-1-g345015f (webtiles) character file.

16814 shakethe the Carver (level 12, -32/105 HPs)
             Began as a Barachi Gladiator on Feb 25, 2018.
             Was a High Priest of Okawaru.
             Annihilated by a large slime creature (34 damage)
             ... on level 12 of the Dungeon.
             The game lasted 00:46:22 (11572 turns).

shakethe the Carver (Barachi Gladiator)            Turns: 11572, Time: 00:46:23

Health: -32/105    AC: 11    Str: 16    XL:     12   Next: 41%
Magic:  13/13      EV: 21    Int: 12    God:    Okawaru [*****.]
Gold:   658        SH:  0    Dex: 15    Spells: 11/11 levels left

rFire    . . .     SeeInvis .   D - +0 whip (elec)
rCold    + . .     Gourm    .   (no shield)
rNeg     . . .     Faith    .   P - +0 troll leather armour {regen}
rPois    +         Spirit   .   (helmet restricted)
rElec    .         Reflect  .   p - +0 cloak
rCorr    .         Harm     .   E - +0 pair of gloves (curse)
MR       .....                  w - +2 pair of boots "Amooc" {rPois rC+}
Stlth    +++.......             M - amulet of regeneration {+regen, !d}
HPRegen  1.07/turn              q - +3 ring of evasion
MPRegen  0.13/turn              s - +4 ring of slaying

@: slow
A: +LOS, swims, beak, slowness 1, strong legs 1
a: Hop, Heroism, Finesse, Renounce Religion


You were on level 12 of the Dungeon.
You worshipped Okawaru.
Okawaru was extremely pleased with you.
You were not hungry.

You visited 2 branches of the dungeon, and saw 13 of its levels.

You collected 658 gold pieces.

Inventory:

Hand Weapons
 a - a +2 vampiric short sword {!w}
   (You took it off an orc on level 6 of the Dungeon)
 b - a +0 blowgun
   (You took it off a kobold on level 6 of the Dungeon)
 D - a +0 whip of electrocution (weapon)
   (You took it off Pikel on level 3 of the Dungeon)
Missiles
 i - 4 needles of confusion
 j - 377 stones
 A - 7 curare-tipped needles
 C - 7 javelins (quivered)
 Q - 27 poisoned needles
 X - 7 needles of sleeping
Armour
 c - a +0 helmet
 p - a +0 cloak (worn)
   (You took it off Maurice on level 11 of the Dungeon)
 v - a +0 large shield
   (You found it on level 3 of the Dungeon)
 w - the +2 pair of boots "Amooc" (worn) {rPois rC+}
   (You found it on level 12 of the Dungeon)

   It protects you from cold.
   It protects you from poison.
 E - a cursed +0 pair of gloves (worn)
   (You found it on level 4 of the Dungeon)
 P - a +0 troll leather armour (worn) {regen}
   (You found it on level 12 of the Dungeon)
Jewellery
 q - a +3 ring of evasion (left hand)
   (You found it on level 2 of the Dungeon)
 r - a cursed ring of teleportation {unknown}
   (You found it on level 9 of the Dungeon)
 s - a +4 ring of slaying (right hand)
   (You found it on level 2 of the Dungeon)
 y - an uncursed ring of ice {unknown}
   (You found it on level 3 of the Dungeon)
 F - an uncursed ring of ice {unknown}
   (You found it on level 4 of the Dungeon)
 H - an uncursed amulet of harm
   (You found it on level 4 of the Dungeon)
 L - a +4 amulet of reflection {unknown}
   (You found it on level 6 of the Dungeon)
 M - an amulet of regeneration (around neck) {+regen, !d}
   (You found it on level 5 of the Dungeon)
Wands
 d - a wand of clouds (4)
   (You found it on level 4 of the Dungeon)
 B - a wand of flame (29)
   (You found it on level 4 of the Dungeon)
 I - a wand of digging (14)
   (You found it on level 4 of the Dungeon)
 Y - a wand of polymorph (13)
   (You found it on level 11 of the Dungeon)
Scrolls
 e - 3 scrolls of identify
 h - 2 scrolls of amnesia
 k - 3 scrolls of enchant weapon
 m - 3 scrolls of fog
 u - a scroll of teleportation
 G - a scroll of enchant armour
 Z - 2 scrolls of remove curse
Potions
 g - a potion of cancellation
 n - 3 potions of might
 o - 6 potions of curing
 t - 5 potions of heal wounds
 O - 3 potions of berserk rage {!q}
 S - a potion of brilliance
 T - 2 potions of ambrosia
Books
 x - a book of Cantrips
   (You found it on level 3 of the Dungeon)
 z - a book of Callings
   (You found it on level 11 of the Dungeon)
 J - a book of Changes
   (You found it on level 5 of the Dungeon)
 K - a book of Minor Magic
   (You found it on level 5 of the Dungeon)
Comestibles
 f - 19 rations


   Skills:
 + Level 13.0 Fighting
   Level 14.8 Long Blades
 - Level 2.0 Throwing
 * Level 6.5 Armour
 + Level 10.0 Dodging
 + Level 6.3 Stealth
 + Level 2.0 Invocations


You had 11 spell levels left.
You didn't know any spells.

Dungeon Overview and Level Annotations

Branches:
Dungeon (12/15)            Temple (1/1) D:4            Lair (0/6) D:11
    Orc (0/2) D:10

Altars:
Cheibriados
Fedhas
Gozag
Makhleb
Okawaru
Qazlal
Ru
Sif Muna
Trog
Uskayaw
Vehumet
Wu Jian
Xom
Yredelemnul
Zin
The Shining One

Shops:
D:7 ?


Innate Abilities, Weirdness & Mutations

Shadows flee at your approach. (+LOS)
You can swim through water.
You cover ground slowly.
You can hop short distances.
You have a beak for a mouth.


Message History

MP restored: 13 You regained 2 hp, and now have 41/105 hp.
Okay, then.
You create a blast of flame!
The titanic slime creature is engulfed in blazing flames.
Okay, then.
Okay, then.
As you read the scroll of summoning, it crumbles to dust.
Wisps of shadow whirl around you...
The titanic slime creature is engulfed in blazing flames.
The titanic slime creature completely misses you.
You swap places.
Your bullfrog is engulfed in blazing flames.
Your bullfrog barely misses the titanic slime creature.
The titanic slime creature is engulfed in blazing flames.
The titanic slime creature barely misses your troll.
Your orc wizard gestures wildly while chanting.
Your orc wizard blinks!
Your troll bites the titanic slime creature!
Your troll claws the titanic slime creature!
Your troll claws the titanic slime creature.
Your bullfrog is engulfed in blazing flames.
Your bullfrog hits the titanic slime creature!
Your bullfrog is engulfed in blazing flames.
You kill your bullfrog!
Your bullfrog's corpse dissolves into shadows!
The titanic slime creature is engulfed in blazing flames.
The titanic slime creature misses your troll.
Your troll bites the titanic slime creature.
Your troll claws the titanic slime creature. x2
Your orc wizard gestures wildly while chanting.
Your orc wizard blinks!
The titanic slime creature is engulfed in blazing flames.
The titanic slime creature hits your troll!!!
Your troll dies!
Your troll's corpse dissolves into shadows!
Your orc wizard is engulfed in blazing flames.
Your orc wizard hits the titanic slime creature but does no damage.
You swap places.
The titanic slime creature is engulfed in blazing flames.
The titanic slime creature hits your orc wizard!!
Your orc wizard dies!
Your orc wizard's corpse dissolves into shadows!
You regained 2 hp, and now have 48/105 hp.
Your orc hits the titanic slime creature with a flail!
The titanic slime creature is engulfed in blazing flames.
The titanic slime creature hits your orc!!!
Your orc dies!
Your orc's corpse dissolves into shadows!
You swap places.
The titanic slime creature is engulfed in blazing flames.
The titanic slime creature barely misses your orc wizard.
Your orc wizard hits the titanic slime creature with a dagger.
You swap places.
A troll comes into view.
The troll shouts!
The titanic slime creature completely misses your orc wizard.
Your orc wizard hits the titanic slime creature with a dagger.
The titanic slime creature closely misses your orc wizard.
Your orc wizard casts a spell.
Your orc wizard flickers and vanishes for a moment.
A titanic slime creature splits.
Your orc wizard casts a spell at the very large slime creature.
The puff of flame hits the very large slime creature.
The very large slime creature hits your orc wizard!
Your orc wizard hits the very large slime creature with a dagger.
Two slime creatures merge to form a titanic slime creature.
Your orc wizard dissolves into shadows!
You regained 2 hp, and now have 57/105 hp.
The titanic slime creature hits your orc!!!!
Your orc dies!
Your orc's corpse dissolves into shadows!
The titanic slime creature hits your orc!!!
Your orc dies!
Your orc's corpse dissolves into shadows!
The troll misses you. The troll claws you. The troll misses you.
You hit the troll but do no damage. Lightning courses through the troll!
You peck the troll. The troll bites you. The troll closely misses you.
The troll claws you but does no damage.
You take 2 damage, and have 57/105 hp.
Aim: a titanic slime creature (almost dead)
The puff of flame hits the titanic slime creature.
You are ready to hop once more.
The troll bites you but does no damage. The troll claws you!
The troll claws you.
You take 15 damage, and have 42/105 hp.
You hit the titanic slime creature. You peck the titanic slime creature.
The troll misses you. The troll barely misses you. x2
The titanic slime creature barely misses you.
You hit the titanic slime creature.
Lightning courses through the titanic slime creature!
The troll completely misses you. The troll misses you.
The troll closely misses you.
A titanic slime creature splits.
You regained 2 hp, and now have 45/105 hp.
You hit the very large slime creature. The troll bites you!
The troll closely misses you. The troll claws you but does no damage.
The very large slime creature hits you!!
* * * LOW HITPOINT WARNING * * *
The large slime creature hits you!!
You die...

###### .. #####....#
######.. ......##. .
.....#.############...#8.
#.........@J...............
....##...T#J#########.##..>
.. .##....#.# #.###8)
.......<..#.#########.####)
.>...#.#...................
...................#.......
....#....#.##.....#.......
...####.#.##.............
###.####.#.##....#........


You could see a very large slime creature, a large slime creature and a troll.

Vanquished Creatures
  Josephine (D:11)
  A hydra (D:11)
  2 two-headed ogres
  Nergalle (D:11)
  The ghost of ceb the Skirmisher, a novice DsFi of Okawaru (D:8)
  Pikel (D:3)
  Maurice (D:11)
  A cyclops (D:10)
  2 kobold demonologists (D:11)
  A komodo dragon (D:11)
  2 trolls
  5 hippogriffs
  A vampire (D:10)
  A wyvern (D:12)
  A yak (D:7)
  4 wraiths (D:11)
  3 hogs (D:7)
  3 hungry ghosts
  A human (D:7)
  A soldier ant (D:10)
  Duvessa (D:4)
  A water moccasin (D:11)
  4 orc warriors
  3 eyes of draining
  5 ice beasts
  A sky beast (D:8)
  3 slaves (D:5)
  5 phantoms
  8 ogres
  5 centaurs
  A crocodile (D:12)
  3 big kobolds
  5 bullfrogs
  A wyvern zombie (D:9)
  Dowan (D:4)
  2 scorpions
  14 killer bees
  7 wights
  3 howler monkeys
  6 crimson imps
  A bullfrog zombie (D:10)
  2 quasits (D:10)
  3 jellies
  4 orc priests
  3 centaur skeletons
  6 hounds
  6 orc wizards
  A bullfrog skeleton (D:11)
  3 iguanas
  9 worker ants
  A hound skeleton (D:6)
  2 howler monkey zombies (D:7)
  12 adders
  4 gnolls (D:4)
  4 shadow imps
  An ooze (D:2)
  2 adder skeletons
  An adder zombie (D:6)
  A worm (D:3)
  3 dart slugs
  4 leopard geckos
  33 orcs
  4 ball pythons
  11 bats
  19 giant cockroaches
  6 goblins
  6 hobgoblins
  6 jackals
  7 quokkas
  4 frilled lizards
  12 kobolds
  A leopard gecko skeleton (D:4)
  A leopard gecko zombie (D:8)
  13 rats
309 creatures vanquished.

Vanquished Creatures (others)
  2 plants (D:11)
2 creatures vanquished.

Grand Total: 311 creatures vanquished

Notes
Turn   | Place    | Note
-------+----------+-------------------------------------------
     0 | D:1      | shakethe the Barachi Gladiator began the quest for the Orb.
     0 | D:1      | Reached XP level 1. HP: 17/17 MP: 1/1
   159 | D:1      | Reached skill level 4 in Long Blades
   160 | D:1      | Reached XP level 2. HP: 23/23 MP: 2/2
   364 | D:1      | Reached skill level 3 in Fighting
   505 | D:1      | Reached XP level 3. HP: 29/29 MP: 3/3
  1305 | D:2      | Reached skill level 5 in Long Blades
  1318 | D:2      | Found a snail-covered altar of Cheibriados.
  1454 | D:2      | Reached XP level 4. HP: 31/35 MP: 4/4
  1821 | D:2      | Reached XP level 5. HP: 24/42 MP: 5/5
  2392 | D:3      | Reached skill level 4 in Fighting
  2422 | D:3      | Reached skill level 6 in Long Blades
  2507 | D:3      | Reached skill level 4 in Dodging
  2931 | D:4      | Reached XP level 6. HP: 36/48 MP: 6/6
  3513 | D:4      | Found a staircase to the Ecumenical Temple.
  3526 | Temple   | Entered the Ecumenical Temple
  3625 | D:4      | Found a glowing golden altar of the Shining One.
  3626 | D:4      | Noticed an angel
  3630 | D:4      | Found a basalt altar of Yredelemnul.
  3631 | D:4      | Noticed a profane servitor
  3639 | D:4      | Noticed Dowan
  3645 | D:4      | Noticed Duvessa
  3648 | D:4      | Killed Dowan
  3648 | D:4      | Reached skill level 7 in Long Blades
  3885 | D:4      | HP: 11/50 [Duvessa/short sword (7)]
  3895 | D:4      | Killed Duvessa
  3895 | D:4      | Reached skill level 5 in Fighting
  3895 | D:4      | Reached XP level 7. HP: 14/56 MP: 7/7
  4227 | D:5      | Entered Level 5 of the Dungeon
  4250 | D:5      | Reached skill level 8 in Long Blades
  4314 | D:5      | Found a shimmering altar of Xom.
  4353 | D:5      | Reached skill level 6 in Fighting
  4422 | D:5      | Reached XP level 8. HP: 64/64 MP: 8/8
  4484 | D:5      | Reached skill level 9 in Long Blades
  4905 | D:5      | Noticed Pikel
  4983 | D:3      | Reached skill level 10 in Fighting
  4983 | D:3      | Reached skill level 14 in Long Blades
  4983 | D:3      | Reached XP level 9. HP: 48/79 MP: 9/9
  4988 | D:3      | Killed Pikel
  5276 | D:5      | Found an ornate altar of the Wu Jian Council.
  5489 | D:6      | Reached skill level 11 in Fighting
  5489 | D:6      | Reached skill level 5 in Dodging
  5549 | D:6      | Reached skill level 1 in Stealth
  5670 | D:6      | Found an iron altar of Okawaru.
  5697 | D:6      | Reached XP level 10. HP: 60/87 MP: 10/10
  5706 | D:6      | Became a worshipper of Warmaster Okawaru
  5811 | D:6      | Found a blossoming altar of Fedhas.
  6216 | D:7      | Found Ingiengi's Magic Scroll Boutique.
  6317 | D:7      | Reached skill level 2 in Stealth
  6450 | D:7      | Reached skill level 6 in Dodging
  6470 | D:7      | Reached * piety under Okawaru
  7043 | D:8      | Reached skill level 3 in Stealth
  7193 | D:8      | Reached skill level 7 in Dodging
  7221 | D:8      | Found a bloodstained altar of Trog.
  7237 | D:8      | Reached ** piety under Okawaru
  7311 | D:8      | Noticed a two-headed ogre
  7320 | D:8      | Killed a two-headed ogre
  7446 | D:8      | Reached XP level 11. HP: 95/95 MP: 11/11
  7482 | D:8      | Noticed ceb's ghost (novice DsFi)
  7522 | D:8      | HP: 17/95 [ceb's ghost (11)]
  7528 | D:8      | Killed ceb's ghost
  7651 | D:8      | You fall through a shaft for 2 floors!
  7651 | D:10     | Entered Level 10 of the Dungeon
  7657 | D:10     | Reached skill level 8 in Dodging
  7657 | D:10     | Reached skill level 4 in Stealth
  8087 | D:9      | Reached skill level 12 in Fighting
  8704 | D:9      | Found a sacrificial altar of Ru.
  8910 | D:10     | Reached *** piety under Okawaru
  9080 | D:10     | Received a gift from Okawaru
  9332 | D:10     | Found a staircase to the Orcish Mines.
  9522 | D:11     | Noticed Maurice
  9545 | D:11     | Killed Maurice
  9545 | D:11     | Reached skill level 9 in Dodging
  9726 | D:11     | Reached skill level 1 in Armour
  9771 | D:11     | Reached skill level 5 in Stealth
  9823 | D:11     | Noticed a sun demon
  9852 | D:11     | HP: 21/96 [sun demon[a kobold demonologist] (17)]
  9853 | D:11     | HP: 5/96 [sun demon[a kobold demonologist] (13)]
  9854 | D:11     | Noticed a two-headed ogre
  9870 | D:10     | Noticed a cyclops
 10054 | D:10     | Killed a cyclops
 10054 | D:10     | Reached skill level 2 in Armour
 10072 | D:11     | Noticed Nergalle
 10077 | D:11     | Killed Nergalle
 10077 | D:11     | Reached **** piety under Okawaru
 10077 | D:11     | Reached skill level 3 in Armour
 10108 | D:11     | Found a staircase to the Lair.
 10235 | D:11     | Gained mutation: You have a beak for a mouth. [a neqoxec]
 10253 | D:11     | Noticed a sun demon
 10407 | D:11     | Reached skill level 4 in Armour
 10436 | D:11     | Noticed Josephine
 10460 | D:11     | Killed Josephine
 10460 | D:11     | Reached ***** piety under Okawaru
 10470 | D:11     | Reached XP level 12. HP: 82/103 MP: 10/12
 10501 | D:11     | Reached skill level 5 in Armour
 10834 | D:12     | Noticed a four-headed hydra
 10850 | D:12     | Noticed a two-headed ogre
 10870 | D:12     | Killed a two-headed ogre
 10870 | D:12     | Reached skill level 6 in Stealth
 10870 | D:12     | Reached skill level 1 in Invocations
 10902 | D:11     | HP: 18/103 [four-headed hydra (9)]
 10902 | D:11     | HP: 6/103 [four-headed hydra (12)]
 11125 | D:11     | Killed a four-headed hydra
 11125 | D:11     | Received a gift from Okawaru
 11125 | D:11     | Reached skill level 6 in Armour
 11240 | D:12     | Got a pair of shimmering boots
 11251 | D:12     | Identified the +2 pair of boots "Amooc" {rPois rC+} (You found it on level 12 of the Dungeon)
 11479 | D:12     | Reached skill level 10 in Dodging
 11523 | D:12     | Reached skill level 13 in Fighting
 11529 | D:12     | Reached skill level 2 in Invocations
 11572 | D:12     | HP: 2/105 [very large slime creature (31)]
 11572 | D:12     | Annihilated by a large slime creature

Skill      XL: |  1  2  3  4  5  6  7  8  9 10 11 12 |
---------------+-------------------------------------+-----
Long Blades    | 4 5 6 7 8 14 | 14.8
Fighting       | 3 4 5 6 10 11 12 13 | 13.0
Dodging        | 4 5 7 9 10 | 10.0
Stealth        | 1 3 5 6 |  6.3
Armour         | 4 6 |  6.5
Invocations    | 2 |  2.0
Throwing       | |  2.0

Action                   |  1- 3 |  4- 6 |  7- 9 | 10-12 || total
-------------------------+-------+-------+-------+-------++-------
Melee: Long sword        |   115 |   156 |   156 |       ||   427
       Lajatang          |       |    14 |       |       ||    14
       Short sword       |       |       |    24 |   866 ||   890
       Peck              |       |       |       |    55 ||    55
       Punch             |       |       |       |     3 ||     3
       Whip              |       |       |       |    75 ||    75
 Fire: Blowgun           |       |       |       |     8 ||     8
Throw: Stone             |       |     1 |       |       ||     1
       Throwing net      |       |     3 |       |       ||     3
       Javelin           |       |     1 |    13 |    16 ||    30
Invok: Heroism           |       |       |       |    14 ||    14
 Abil: Hop               |       |     1 |     1 |     2 ||     4
Evoke: Wand              |       |       |       |     2 ||     2
  Use: Potion            |       |       |     4 |     4 ||     8
       Scroll            |       |       |     9 |    14 ||    23
 Stab: Sleeping          |     1 |       |       |     6 ||     7
       Distracted        |       |       |       |     1 ||     1
  Eat: Chunk             |     3 |     7 |     5 |     8 ||    23
       Ration            |       |     1 |     2 |     5 ||     8
Armor: Leather armour    |    41 |    31 |    21 |    66 ||   159
       Ring mail         |       |       |       |    85 ||    85
       Troll leather arm |       |       |       |    20 ||    20
Dodge: Dodged            |   112 |   162 |   101 |   812 ||  1187
       Rpst.: Long sword |    39 |    46 |    28 |       ||   113

Vault maps used:
D:1:      dpeg_arrival_water_temple_mockup, minmay_stone_trees_small
D:2:      minmay_roachtagon, lemuel_coloured_pillars_altar, first_ration
D:4:      grunt_temple_overflow_holy_war, minmay_temple_entry_mist, uniq_duvessa
D:5:      kennysheep_little_box, lemuel_crystal_altar, minivault_26, uniq_pikel
D:6:      overflow_temple_1_default, basic_altar
D:7:      serial_shops, nicolae_shop_statue_plus, grunt_livestock
D:8:      bloody_trog, hex_tiny, grunt_ministairs_14
D:9:      nicolae_ru_path_of_blood
D:11:     david_lair_shrubbed, roderic_lattice_a, uniq_nergalle, uniq_maurice,
          uniq_josephine
D:12:     minmay_curled_crystal, minmay_misc_feat_five, st_stairs_6
Temple:   eino_temple_water

Table legend:
 A = Turns spent in this place as a percentage of turns spent in the entire game.
 B = Non-inter-level travel turns spent in this place as a percentage of non-inter-level travel turns spent in the entire game.
 C = Inter-level travel turns spent in this place as a percentage of turns spent in this place.
 D = Turns resting spent in this place as a percentage of non-inter-level travel turns spent in this place.
 E = Turns spent auto-exploring this place as a percentage of non-inter-level travel turns spent in this place.
 F = Non-inter-level travel turns spent in this place divided by the number of levels of this place that you've seen.
                   A       B       C       D       E      F
               +-------+-------+-------+-------+-------+----------------------
         Total | 100.0 | 100.0 |   1.7 |  12.7 |  47.0 | 874.7
       Dungeon |  99.7 |  99.7 |   1.7 |  12.7 |  47.0 | 944.4
        Temple |   0.3 |   0.3 |   0.0 |   0.0 |  44.7 |  38.0
               +-------+-------+-------+-------+-------+----------------------

Table legend:
 A = Kills in this place as a percentage of kills in entire the game.
 B = Kills by you in this place as a percentage of kills by you in the entire game.
 C = Kills by friends in this place as a percentage of kills by friends in the entire game.
 D = Other kills in this place as a percentage of other kills in the entire game.
 E = Experience gained in this place as a percentage of experience gained in the entire game.
 F = Experience gained in this place divided by the number of levels of this place that you have seen.
                   A       B       C       D       E      F
               +-------+-------+-------+-------+-------+----------------------
         Total | 100.0 | 100.0 |   N/A |   N/A | 100.0 | 1739.6
       Dungeon | 100.0 | 100.0 |   N/A |   N/A | 100.0 | 1884.6
               +-------+-------+-------+-------+-------+----------------------
